← All builds
Tech / Armada / Economy first / OBSERVED BUILD

Standard tech

Armada Tech (Eco) build order · Supreme Isthmus

Rushes T2 factory and Advanced Metal Extractor while sending the first T2 constructor to Geo, scaling team eco and mex upgrades through the full 15 minutes.

Usually first T2 con to Geo (84%)

#eco #t2 #team support · 901 distinct matches · 120 players · 60% of Armada Tech games · team won 53% of 1034 · Recently observed

HOW TO PLAY IT

Key timing: T2 factory by 4:15

  1. Open mex and wind, start bot lab right away.
  2. Get bot lab up and begin feeding early cons.
  3. Start advanced bot lab to rush T2 factory.
  4. Finish T2 factory and push advanced metal extractor by 5:29.
  5. Build Citadel, Platypus and Umbrella as anti-nuke defence transition.

Phase by phase

TYPICAL OF ITS 901 GAMES
  1. 1
  2. 2
  3. 3
  4. 4
PLAY THE OPENING

Follow the example game's first 6:00 step by step: what to build now, what comes next, and where it goes. At 1× it keeps pace with your own game.

  1. 1

    Up to the Bot Lab

    Economy
    • Metal Extractor3Mex
    • Wind Turbine4Wind
    Order
    1. Bot LabBot Lab after 3 mex, 4 winddone ~1:17, middle half 1:13–1:31

    By 1:01 in all: 3 mex · 4 wind

    The example game in this phase · 5 steps
    1. Mex ×3
    2. Wind ×4
    3. Energy storage
    4. Wind
    5. Bot LabBot Labdone 1:41 · typical 1:17
  2. 2

    Bot Lab to Advanced Bot Lab

    Economy
    • Metal Extractor1Mex
    • Wind Turbine8Wind
    • Energy Storage1Energy storage
    Order
    1. Advanced Bot LabAdvanced Bot Lab after 4 mex, 12 wind, 3 con turretdone ~4:15, middle half 4:04–4:28
    Builders
    • Construction Turret3 Con turret
    • Lazarus3 Lazarus
    • Construction Bot2 Con bot
    • Construction Bot1 Con bot for allies

    Some games also: converter (35%)

    By 3:19 in all: 4 mex · 12 wind · 1 energy storage · 3 con turret

    The example game in this phase · 11 steps
    1. Construction BotCon bot
    2. Construction BotCon botfor Air
    3. Con turret ×3
    4. Wind ×2
    5. LazarusLazarus
    6. Wind
    7. Mex
    8. Wind ×3
    9. LazarusLazarus ×2
    10. Construction BotCon bot
    11. Advanced Bot LabAdvanced Bot Labdone 4:03 · typical 4:15
  3. 3

    Advanced Bot Lab to 5:00

    Economy
    • Wind Turbine2Wind
    Order
    1. Bot LabEat Bot Lab
    Builders
    • Advanced Construction Bot1 T2 con bot for allies

    Some games also: converter (35%)

    By 5:00 in all: 4 mex · 15 wind · 2 converter · 1 energy storage · 3 con turret

    The example game in this phase · 11 steps
    1. Converter
    2. Bot LabEat Bot Labreclaimed for its metal
    3. Wind ×2for Air
    4. Converter ×2
    5. Advanced Construction BotT2 con botfor Geo
    6. Converter
    7. Windfor Air
    8. Advanced Metal ExtractorT2 mexdone 4:52 · typical 5:29
    9. Wind
    10. SharpshooterSniper botfor Ponddone 5:15
    11. Wind
  4. 4

    5:00 to 10:00

    Economy
    • Wind Turbine44Wind
    • Energy Converter6Converter
    Builders
    • Butler8 Butler
    • Advanced Construction Bot4 T2 con bot for allies
    • Advanced Construction Bot1 T2 con bot

    Some games also: con turret (49%) · Butler for allies (37%)

    By 10:00 in all: 4 mex · 59 wind · 8 converter · 1 energy storage · 3 con turret

    The example game in this phase · 174 steps
    1. Wind
    2. Advanced Construction BotT2 con botfor Air
    3. Wind ×3
    4. Advanced Metal ExtractorT2 mex ×3
    5. ButlerButler
    6. SharpshooterSniper botfor Pond
    7. SmugglerJammer botfor Pond
    8. CompassRadar botfor Pond
    9. Advanced Construction BotT2 con bot ×3for Geo sea
    10. ButlerButler ×5
    11. Wind
    12. ButlerButler
    13. Wind ×2
    14. ButlerButler
    15. Con turret
    16. Wind ×3
    17. ButlerButler
    18. Wind
    19. Con turret
    20. Wind ×3
    21. ButlerButlerfor Beach sea
    22. Con turret
    23. Wind ×4
    24. ButlerButlerfor Beach sea
    25. Wind ×2
    26. ButlerButlerfor Geo sea
    27. Wind ×2
    28. ButlerButlerfor Geo sea
    29. Wind ×3
    30. ButlerButlerfor Pond
    31. Wind ×3
    32. ButlerButlerfor Pond
    33. Wind
    34. ButlerButler
    35. Wind ×4
    36. ButlerButler
    37. Wind ×8
    38. ButlerButler ×2
    39. Converter
    40. Advanced Construction BotT2 con bot
    41. Metal storage
    42. Wind ×2
    43. Converter
    44. Wind ×5
    45. Fusion ReactorFusiondone 11:27
    46. Converter
    47. Wind ×6
    48. Advanced Bot LabEat Advanced Bot Labreclaimed for its metal
    49. Converter
    50. Wind
    51. Converter
    52. Con turret
    53. Wind ×4
    54. Con turret
    55. Wind
    56. Converter ×2
    57. Wind ×7
    58. Converter ×2
    59. Wind ×5
    60. Converter ×2
    61. Wind ×6
    62. Converter
    63. Wind
    64. Converter
    65. Wind ×6
    66. Converter
    67. Wind
    68. Converter
    69. Wind
    70. Fusion ReactorFusion
    71. Wind ×4
    72. Converter
    73. Wind
    74. Converter
    75. Wind ×6
    76. Converter ×2
    77. Wind ×7
    78. Converter
    79. Wind
    80. T2 converter
    81. Converter
    82. Wind
    83. Converter ×2
    84. T2 converter
    85. Converter ×4
    86. Wind ×3
    87. Converter
    88. Wind ×3
    89. Converter
    90. Wind ×4
    91. Converter
    92. Wind
    93. Fusion ReactorFusion
    94. Converter
    95. Wind ×4
    96. Converter
    97. Con turret
    98. Wind ×4
    99. Converter
    100. Con turret
    101. Wind ×3
    102. Converter
    103. Wind ×4
    104. Converter
    105. Wind
    106. Converter
    107. Wind ×4
    108. Converter
    109. Wind ×4
    110. Converter
    111. Wind ×4
    112. Converter
    113. Wind ×2
    114. Converter
    115. Wind ×4
    116. Converter
    117. Wind ×2
    118. Converter
    119. Wind ×4
    120. Converter
    121. Wind ×4
    122. Converter
    123. Aircraft PlantAircraft Plantdone 14:04
    124. Wind ×4
    125. Converter
    126. Aircraft PlantAircraft Plantdone 14:13
    127. Wind ×2
    128. CitadelAnti-nukenot finished by 15:00
    129. Wind
    130. Converter
    131. Wind
    132. Converter
    133. Wind ×3
    134. Con turret
    135. Wind
    136. Converter
    137. Wind ×4
    138. Construction AircraftCon aircraft ×2
    139. Converter
    140. Wind
    141. Con turret
    142. Wind ×3
    143. Con turret
    144. Converter
    145. Con turret
    146. Wind ×4
    147. Con turret ×3
    148. FalconFighter ×2
    149. Wind
    150. Converter
    151. Wind ×3
    152. Con turret ×3
    153. Wind ×2
    154. Con turret
    155. Wind ×2
    156. FalconFighter
    157. Con turret
    158. Converter
    159. FalconFighter
    160. Wind
    161. FalconFighter ×2
    162. Wind ×3
    163. FalconFighter
    164. Con turret
    165. T2 converter
    166. FalconFighter
    167. Con turret ×2
    168. FalconFighter
    169. Wind ×2
    170. Con turret
    171. Wind
    172. Converter
    173. Wind
    174. Con turret

Counts are medians over the build's games: half of them build more, half fewer. The example game is DRM's (43 OS, 07/10/2026); pick another.

Team trades

IN AT LEAST 30% OF ITS GAMES

You hand over

  • Construction Bot1 Con bot to Airfirst at 2:22 · in 87% of games
  • Advanced Construction Bot5 T2 con bot to Air or Geo sea or Pondfirst at 4:48 · in 99% of games
  • Sharpshooter2 Sniper bot to Pondfirst at 5:23 · in 32% of games
  • Butler2 Butler to Geo sea or Beach sea or Pondfirst at 9:05 · in 42% of games

You get

  • Hercules1 Light transport from Airfirst at 4:00 · in 85% of games

How it plays out

Typical game of this build, running totals by minute

Metal produced

020k40k
0:005:0010:0015:00

metal

Enemy metal destroyed

0100200300
0:005:0010:0015:00

metal

Own metal lost

0100200300
0:005:0010:0015:00

metal

1034 games.

Show as table
ByMetal produced: This buildEnemy metal destroyed: This buildOwn metal lost: This build
1:0038300
2:0091600
3:00164500
4:00316200
5:00486400
6:00580800
7:00723600
8:00911000
9:001125000
10:001358800
11:001643300
12:001999100
13:002375900
14:00276067381
15:0031704295204
WHAT THE NUMBERS SAY

This is the role's textbook T2 rush, posting the highest metal production of any build shown (31617 by 15:00) with almost no early losses.

  • + T2 factory done by 4:15 in 97% of games, extremely consistent.
  • + Own metal lost is only 228 by 15:00, near untouched economy.
  • − Team win rate is the lowest of all builds shown at 53%, fast eco alone doesn't decide games.
THE EXAMPLE YOU ARE READING

DRM

42.6 OS · 07/10/2026

Open source match ↗

6 received units
4306 metal received · 114410 energy received

Allied construction assistance is unknown. Timings are observations, not a promise of solo reproducibility.

Typical milestones

Bot Lab1:17Middle 50%: 1:13–1:31 · n=1034
Advanced Bot Lab4:15Middle 50%: 4:04–4:28 · n=1028
Advanced Metal Extractor5:29Middle 50%: 5:06–5:59 · n=1032

Played most by

Amrissa100games of this buildKOT_45games of this buildSyphos42games of this buildAdeus39games of this buildWashedGamuer39games of this build
Standard tech · Armada Tech (Eco) build order · BAR Build Atlas